 Dungeon Crawl Stone Soup version 0.20.1-1-g8b1a95d (webtiles) character file.

330 jmlagarto the Poker (level 6, -6/49 HPs)
             Began as a Merfolk Abyssal Knight on Sept 22, 2017.
             Was a Priest of Lugonu.
             Mangled by an ogre
             ... wielding a +0 giant club
              (20 damage)
             ... on level 4 of the Dungeon on Sept 25, 2017.
             The game lasted 00:09:44 (3334 turns).

jmlagarto the Poker (Merfolk Abyssal Knight)        Turns: 3334, Time: 00:09:45

Health: -6/49      AC:  3    Str: 14    XL:     6   Next: 51%
Magic:  7/7        EV: 13    Int: 11    God:    Lugonu [***...]
Gold:   174        SH:  0    Dex: 14    Spells: 5/5 levels left

rFire    . . .     SeeInvis .   a - +1 spear
rCold    . . .     Gourm    .   (no shield)
rNeg     . . .     Faith    .   b - +0 leather armour
rPois    .         Spirit   .   (no helmet)
rElec    .         Reflect  .   (no cloak)
rCorr    .         Harm     .   (no gloves)
MR       .....     Rnd*Rage +   (no boots)
Stlth    +.........             (no amulet)
Regen    0.2/turn               (no ring)
MPRegen  0.1/turn               (no ring)

@: lethally poisoned (-6 -> -7)
A: change form in water, swift swim, stealthy swim, berserk 2
a: Depart the Abyss, Bend Space, Banish, Renounce Religion


You were on level 4 of the Dungeon.
You worshipped Lugonu.
Lugonu was most pleased with you.
You were not hungry.

You visited 1 branch of the dungeon, and saw 4 of its levels.
You visited the Abyss 1 time.

You collected 174 gold pieces.

Inventory:

Hand Weapons
 a - a +1 spear (weapon)
 c - a +1 flail of protection
Armour
 b - a +0 leather armour (worn)
Scrolls
 d - a scroll of amnesia {unknown}
 e - 2 scrolls of remove curse
 g - a scroll of enchant armour {unknown}
 h - 3 scrolls of identify {unknown}
 i - a scroll of teleportation {unknown}
Comestibles
 k - a bread ration
 l - a royal jelly


   Skills:
 + Level 4.7 Fighting
 + Level 6.7 Polearms
 + Level 1.9 Armour
 + Level 4.0 Dodging
 + Level 0.8 Stealth
 + Level 2.0 Invocations


You had 5 spell levels left.
You didn't know any spells.

Dungeon Overview and Level Annotations

Branches:
Dungeon (4/15)             Temple (0/1) D:4

Altars:
Uskayaw
Yredelemnul


Innate Abilities, Weirdness & Mutations

You revert to your normal form in water.
You are very nimble and swift while swimming.
You are very stealthy in the water. (Stealth+)
You often lose your temper in combat.


Message History

The worker ant bites you.
You hit the worker ant.
The worker ant is almost dead.
The worker ant barely misses you.
You puncture the worker ant!
You kill the worker ant!
Lugonu accepts your kill.
You feel sick.
You barely miss the ogre. The ogre misses you.
You hit the ogre.
The ogre is lightly wounded.
You hit the ogre.
The ogre is lightly wounded.
The ogre closely misses you.
You hit the ogre.
The ogre is moderately wounded.
You hit the ogre but do no damage.
The ogre is moderately wounded.
The ogre hits you with a giant club!!
You die...

.....###..#.### #...
.....###..#...# ###..⌠
............#.# #.....
#.#######.#.#.###.#...
#.###.............##.#
##.....###...##.####...
..........#...##.# #.#.
#########.#...##.# #.#.
#.O@..#.#.##.# #. .
#.#####.#>....
##.......#####.
#....##### . #....# ..
# ####....# #.......#.#
#...........
#..........#


You could see an ogre.

Vanquished Creatures
  A scorpion (D:3)
  A hound (D:3)
  An orc priest (D:3)
  2 orc wizards (D:4)
  A worker ant (D:4)
  3 adders (D:3)
  An ooze (D:3)
  4 worms
  2 leopard geckos
  9 orcs
  3 giant cockroaches
  8 goblins
  12 hobgoblins
  9 jackals
  11 kobolds
  A ball python (D:1)
  9 bats
  4 frilled lizards
  9 rats
91 creatures vanquished.

Notes
Turn   | Place    | Note
-------+----------+-------------------------------------------
     0 | Abyss:1  | jmlagarto the Merfolk Abyssal Knight began the quest for the Orb.
     0 | Abyss:1  | Reached XP level 1. HP: 18/18 MP: 2/2
     0 | Abyss:1  | Found a corrupted altar of Lugonu.
    11 | Abyss:1  | Found a corrupted altar of Lugonu.
    44 | Abyss:1  | Noticed a neqoxec
    48 | Abyss:1  | Noticed a small abomination
    49 | Abyss:1  | Gained mutation: You tend to lose your temper in combat. [a neqoxec]
    56 | Abyss:1  | Noticed a thrashing horror
    59 | Abyss:1  | Noticed a large abomination
    59 | Abyss:1  | Gained mutation: You often lose your temper in combat. [a neqoxec]
    60 | Abyss:1  | Noticed a tentacled starspawn
    62 | D:1      | Escaped the Abyss
   213 | D:1      | Reached * piety under Lugonu
   214 | D:1      | Reached XP level 2. HP: 23/24 MP: 3/3
   605 | D:1      | Reached XP level 3. HP: 30/30 MP: 4/4
  1088 | D:2      | Reached skill level 4 in Polearms
  1205 | D:2      | Reached ** piety under Lugonu
  1744 | D:3      | Reached XP level 4. HP: 37/37 MP: 5/5
  1786 | D:3      | Reached skill level 1 in Armour
  2055 | D:3      | Found a basalt altar of Yredelemnul.
  2067 | D:3      | Reached skill level 5 in Polearms
  2067 | D:3      | Reached XP level 5. HP: 43/43 MP: 6/6
  2255 | D:3      | Found a hide-covered altar of Uskayaw.
  2460 | D:3      | Reached skill level 6 in Polearms
  2460 | D:3      | Reached XP level 6. HP: 42/49 MP: 7/7
  2473 | D:3      | Reached *** piety under Lugonu
  2969 | D:4      | Found a staircase to the Ecumenical Temple.
  3334 | D:4      | Mangled by an ogre

Skill      XL: |  1  2  3  4  5  6 |
---------------+-------------------+-----
Dodging        | 3 4 |  4.0
Fighting       | 4 |  4.7
Polearms       | 4 5 6 |  6.7
Armour         | 1 |  1.9
Stealth        | |  0.8
Invocations    | |  2.0

Action                   |  1- 3 |  4- 6 || total
-------------------------+-------+-------++-------
Melee: Spear             |   126 |   227 ||   353
Invok: Depart the Abyss  |     1 |       ||     1
  Use: Scroll            |       |     1 ||     1
       Potion            |       |     6 ||     6
 Stab: Sleeping          |     1 |       ||     1
  Eat: Bread ration      |     1 |       ||     1
       Meat ration       |       |     1 ||     1
Armor: Leather armour    |    16 |    46 ||    62
Dodge: Dodged            |    52 |   171 ||   223
